Map: Glittering Ashes LE

Players

A.I. 2 (Very Easy) - Winner!

  • Race: Protoss Protoss

Maro

  • Race: Terran Terran
  • League: Master

VOD

Have the link to the VOD?

Description

Time

  • Played on: Nov. 17, 2021, 8:50 a.m.
  • Length: 5:55
Show
View Real Time Build Order
Export as new Build Order

A.I. 2 (Very Easy) Protoss - Winner!

Build Orders:  

Get SALT Encoding   

  12  0:00  Probe  
  13  0:13  Probe  
  14  0:19  Pylon  
  14  0:37  Assimilator  
  14  0:43  Gateway  
  14  0:46  Pylon  
  14  1:14  Assimilator  
  14  1:18  Probe  
  15  1:26  Probe  
  16  1:33  Cybernetics Core  
  16  1:34  Probe  
  17  1:44  Probe  
  18  1:56  Probe  
  18  1:59  Warp Gate  
  19  2:04  Probe  
  19  2:11  Stalker  
  21  3:55  Probe  
  22  4:13  Probe  
  22  5:26  Zealot  
  22  5:27  Probe  
  25  5:29  Pylon  
  25  5:32  Robotics Facility  
  23  5:39  Probe  
Show
View Real Time Build Order
Export as new Build Order

Maro Terran 

Build Orders: 1/1/1 

Get SALT Encoding   

  12  0:00  SCV  
  13  0:12  SCV  
  14  0:16  Supply Depot  
  14  0:24  SCV  
  14  0:27  Refinery  
  15  0:38  SCV  
  16  0:44  Barracks  
  16  0:50  SCV  
  16  0:54  Refinery  
  17  1:02  SCV  
  18  1:14  SCV  
  19  1:31  Orbital Command, Barracks Reactor  
  19  1:34  Factory  
  19  1:42  Supply Depot  
  19  1:57  SCV  
  20  2:07  Reaper x2  
  22  2:09  SCV  
  23  2:18  Hellion  
  23  2:19  Starport  
  23  2:22  SCV  
  26  2:26  Supply Depot  
  26  2:34  SCV  
  27  2:39  Reaper x2  
  27  2:41  Hellion  
  31  2:56  Medivac  
  33  3:02  Hellion  
  35  3:09  Supply Depot  
  35  3:11  Reaper x2  
  37  3:25  Factory Tech Lab  
  37  3:27  Starport Tech Lab  
  37  3:30  Command Center  
  37  3:33  SCV  
  38  3:43  Marine x2  
  38  3:46  Siege Tank  
  43  3:56  Banshee  
  43  4:01  Supply Depot  
  46  4:04  SCV  
  47  4:15  Marine x2  
  47  4:16  SCV  
  50  4:27  Siege Tank  
  53  4:31  SCV  
  53  4:32  Marine x2  
  56  4:40  Banshee  
  59  4:52  Marine x2  
  64  5:00  Siege Tank  
  64  5:10  Marine x2  
  66  5:28  Marine x2  
  74  5:47  Supply Depot  
Tags
 
Add a new tag
Caveats
  • Supply blocks, unpowered buildings, or Contaminate may cause inaccurate times.
  • Supply counts are checked every 10 seconds.